 Dungeon Crawl Stone Soup version 0.30-a0-743-gbfdf073431 (webtiles) character file.

Game seed: 1566619822364195234

1547 hikkokomori the Sneak (level 8, 0/42 HPs)
             Began as a Deep Elf Air Elementalist on Feb 6, 2023.
             Slain by a steam dragon (1 damage)
             ... on level 6 of the Dungeon.
             The game lasted 00:10:11 (5451 turns).

hikkokomori the Sneak (Deep Elf Air Elementalist)   Turns: 5451, Time: 00:10:11

Health: 0/42       AC:  7    Str:  5    XL:     8   Next: 57%
Magic:  10/16      EV: 13    Int: 21    God:
Gold:   233        SH:  0    Dex: 17    Spells: 4/15 levels left

rFire   . . .      SeeInvis .    C - +0 shortbow
rCold   . . .      Faith    .    (shield currently unavailable)
rNeg    . . .      Spirit   .    a - +0 robe
rPois   .          Reflect  .    h - +2 helmet
rElec   .          Harm     .    g - +0 cloak
rCorr   .          Rampage  .    (no gloves)
Will    .....                    r - +0 pair of boots
Stlth   ++++                     (no amulet)
HPRegen 0.27/turn                (no ring)
MPRegen 0.15/turn                (no ring)

@: swift, very quick
A: no striking features
a: no special abilities


You were on level 6 of the Dungeon.
You visited 1 branch of the dungeon, and saw 6 of its levels.

You collected 233 gold pieces.

Inventory:

Hand Weapons
 k - a +0 dagger
 C - a +0 shortbow (weapon)
Armour
 a - a +0 robe (worn)
 g - a +0 cloak (worn)
 h - a +2 helmet (worn)
 r - a +0 pair of boots (worn)
 v - a +0 buckler
Jewellery
 e - a ring of ice
 n - a ring of ice
Wands
 t - a wand of polymorph (1)
 y - a wand of flame (17)
Scrolls
 d - 6 scrolls of identify {unknown}
 i - 3 scrolls of teleportation {unknown}
 j - a scroll of enchant weapon {unknown}
 o - a scroll of blinking {unknown}
 p - 2 scrolls of poison {unknown}
 q - a scroll of fog {unknown}
 s - 2 scrolls of fear {unknown}
 w - a scroll of enchant armour {unknown}
 x - a scroll of vulnerability {unknown}
 A - a scroll of torment {unknown}
Potions
 b - 2 potions of haste {unknown}
 c - 2 potions of curing {unknown}
 f - 2 potions of degeneration {unknown}
 l - 3 potions of cancellation {unknown}
 m - 3 potions of flight {unknown}
 u - a potion of magic
 z - a potion of attraction {unknown}
 B - a potion of might {unknown}


   Skills:
 - Level 0.8 Fighting
 + Level 1.9 Ranged Weapons
 - Level 3.4 Dodging
 + Level 7.1 Stealth
 - Level 4.0 Spellcasting
 + Level 5.7 Conjurations
 + Level 4.7 Ice Magic
 + Level 6.0 Air Magic


You had 4 spell levels left.
You knew the following spells:

 Your Spells              Type           Power      Damage    Failure   Level
a - Shock                 Conj/Air       100%       1d9       1%          1
b - Freezing Cloud        Conj/Ice/Air   13%        6-21      34%         5
c - Static Discharge      Conj/Air       56%        2-5/arc   1%          2
d - Swiftness             Air            29%        N/A       3%          3

Your spell library contained the following spells:

 Spells                   Type           Power      Damage    Failure   Level
 Airstrike                Air            14%        2d(3-19)  10%         4
 Kindle Blastsparks       Fire/Tloc/Air  24%        2d12      16%         3
 Ignite Poison            Fire/Tmut/Pois 4%         N/A       34%         3


Dungeon Overview and Level Annotations

Branches:
Dungeon (6/15)
 Temple: D:4-7

Altars:
Ashenzari
Cheibriados
Elyvilon
Nemelex Xobeh
Zin
The Shining One

Shops:
D:4 =


Message History

The orc is heavily wounded.
The orc shouts!
The zap hits the orc.
You kill the orc!
You can't see any susceptible monsters within range! (Use Z to cast anyway.)
A steam dragon comes into view.
A steam dragon is nearby!
A steam dragon is nearby!
The zap hits the steam dragon.
The steam dragon is lightly wounded.
The steam dragon hisses angrily.
The zap hits the steam dragon.
The steam dragon is moderately wounded.
The steam dragon breathes steam at you. The ball of steam hits you.
You hear an angry hiss.
You start resting.
The zap misses the steam dragon.
Casting: Shock (safe; 1% risk of failure)
Confirm with . or Enter, or press ? or * to list all spells.
You don't know that spell.
The steam dragon breathes steam at you. The ball of steam hits you!
You hear an angry hiss.
Casting: Shock (safe; 1% risk of failure)
Confirm with . or Enter, or press ? or * to list all spells.
Aiming: Shock (safe; 1% risk of failure)
Press: ? - help, Shift-Dir - straight line, p - steam dragon The zap hits the steam dragon!
The steam dragon is severely wounded.
The steam dragon breathes steam at you. The ball of steam hits you!!
* * * LOW HITPOINT WARNING * * *
Casting: Shock (safe; 1% risk of failure)
Confirm with . or Enter, or press ? or * to list all spells.
You feel quick.
You are engulfed in a cloud of scalding steam.
* * * LOW HITPOINT WARNING * * *
The steam dragon bites you.
You die...

≈§)§ ###.......## #
#''####..........###
##....#.............#
~~.......#......#.###
~~......##(.....#...
~~......##.....######
≈...)..§§###.).......
~....§##D##..........
.D... #@§§..<.......
.##. ###§.......... #
##§)#)......
#..........
#.#.#......
..........#
.#.⌠.#.... . ....


You could see a steam dragon (catching breath).

Vanquished Creatures
  Grinder (D:4)
  An ogre (D:4)
  A centaur (D:6)
  A phantom (D:5)
  A kobold brigand (D:6)
  A necrophage (D:6)
  4 scorpions (D:5)
  A howler monkey (D:6)
  4 hounds
  4 jellies
  3 orc priests (D:5)
  2 gnoll boudas
  An iguana (D:6)
  4 adders
  17 gnolls
  An ufetubus (D:5)
  A worm (D:2)
  2 dart slugs
  17 orcs
  9 bats
  4 endoplasms
  6 giant cockroaches
  5 goblins
  3 hobgoblins
  3 jackals (D:2)
  6 kobolds
  A quokka (D:5)
  5 ball pythons
  5 frilled lizards
  4 rats
118 creatures vanquished.

Notes
Turn   | Place    | Note
-------+----------+-------------------------------------------
     0 | D:1      | hikkokomori the Deep Elf Air Elementalist began the quest
                  | for the Orb.
     0 | D:1      | Reached XP level 1. HP: 10/10 MP: 6/6
   143 | D:1      | Reached XP level 2. HP: 15/15 MP: 5/8
   821 | D:2      | Found a snail-covered altar of Cheibriados.
   983 | D:2      | Reached skill level 3 in Stealth
   983 | D:2      | Reached XP level 3. HP: 19/19 MP: 5/9
  1189 | D:2      | Reached XP level 4. HP: 16/24 MP: 6/11
  1807 | D:3      | Reached XP level 5. HP: 19/28 MP: 6/13
  1860 | D:3      | Reached skill level 4 in Stealth
  2054 | D:3      | Learned a level 5 spell: Freezing Cloud
  2545 | D:4      | Reached skill level 1 in Ice Magic
  2650 | D:4      | Noticed Grinder
  2652 | D:4      | Reached XP level 6. HP: 33/33 MP: 6/14
  2657 | D:3      | Learned a level 2 spell: Static Discharge
  2826 | D:4      | Killed Grinder
  2827 | D:4      | Reached skill level 5 in Stealth
  2950 | D:4      | Found Ysumare's Jewellery Shoppe.
  2997 | D:4      | Reached XP level 7. HP: 36/37 MP: 7/15
  3076 | D:4      | Found a white marble altar of Elyvilon.
  3079 | D:4      | Found a broken altar of Ashenzari.
  3374 | D:4      | Found a glowing silver altar of Zin.
  3374 | D:4      | Found a sparkling altar of Nemelex Xobeh.
  3374 | D:4      | Found a glowing golden altar of the Shining One.
  3656 | D:5      | Entered Level 5 of the Dungeon
  3689 | D:4      | Reached skill level 5 in Air Magic
  3924 | D:5      | Found a snail-covered altar of Cheibriados.
  3988 | D:5      | Reached skill level 6 in Stealth
  4115 | D:5      | Reached XP level 8. HP: 42/42 MP: 9/16
  4191 | D:5      | Reached skill level 5 in Conjurations
  5000 | D:5      | Learned a level 3 spell: Swiftness
  5251 | D:6      | Reached skill level 1 in Ranged Weapons
  5251 | D:6      | Reached skill level 7 in Stealth
  5451 | D:6      | HP: 1/42 [steam dragon] (9)]
  5451 | D:6      | Slain by a steam dragon

Illustrated notes

Levels and vault maps discovered:
D:1:      evilmike_arrival_fibonacci_small, layout_rooms, minmay_misc_feat_tiny
D:2:      layout_loops_cross, basic_altar, serial_glass, glass_columns_a,
          glass_columns_a, minmay_hexomino_u4
D:3:      layout_rooms
D:4:      layout_basic, nicolae_overflow_squiral,
          gammafunk_temple_overflow_claw, serial_shops,
          nicolae_shop_statue_plus, minmay_misc_feat_plants,
          minmay_tree_intersection, kennysheep_generic_room_14, uniq_grinder
D:5:      layout_cave_pods, kennysheep_mini
D:6:      layout_rooms, mainiacjoe_overflow_concentric_impassable,
          lightli_temple_of_fire, fedhas_altar_2,
          minmay_temple_entry_sparse_star, serial_co_window_serial,
          co_window_of_opportunity_a, co_window_corner_a, co_window_paths_b,
          co_window_corner_a, co_window_paths_a, co_window_2corner,
          co_window_broadway_b, co_window_paths_c, co_window_2corner,
          nicolae_zen_rock_garden, kennysheep_generic_room_6

Skill      XL: |  1  2  3  4  5  6  7  8 |
---------------+-------------------------+-----
Stealth        | 3 4 5 6 7 |  7.1
Dodging        | 3 |  3.4
Conjurations   | 2 3 4 5 |  5.7
Spellcasting   | 4 |  4.0
Air Magic      | 4 5 6 |  6.0
Ice Magic      | 1 2 3 4 |  4.7
Ranged Weapons | 1 |  1.9
Fighting       | |  0.8

Action                     |  1- 3 |  4- 6 |  7- 9 || total
---------------------------+-------+-------+-------++-------
  Melee: Unarmed           |     1 |       |       ||     1
         Dagger            |       |     1 |    16 ||    17
         Punch             |       |       |     2 ||     2
   Fire: Shortbow          |       |       |     8 ||     8
   Cast: Shock             |    66 |   111 |   143 ||   320
         Freezing Cloud    |       |       |     1 ||     1
         Static Discharge  |       |       |     2 ||     2
         Swiftness         |       |       |     1 ||     1
    Use: Potion            |     1 |       |       ||     1
   Stab: Sleeping          |     1 |       |       ||     1
 Armour: Robe              |     5 |     9 |    21 ||    35
  Dodge: Dodged            |     9 |    46 |    38 ||    93

Table legend: (Time is in decaauts)
 A = Elapsed time spent in this place.
 B = Non-inter-level travel time spent in this place.
 C = Inter-level travel time spent in this place.
 D = Time resting spent in this place.
 E = Time spent auto-exploring this place.
 F = Levels seen in this place.
 G = Mean time per level.
                   A        B        C        D        E       F      G
               +--------+--------+--------+--------+--------+-----+--------+
         Total |   5459 |   5263 |    196 |    772 |   3791 |   6 |  909.8 |
       Dungeon |   5459 |   5263 |    196 |    772 |   3791 |   6 |  909.8 |
               +--------+--------+--------+--------+--------+-----+--------+

Top non-repeatable levels by time:
     D:5: 1133 daAuts
     D:4: 1115 daAuts
     D:2: 1060 daAuts
     D:3: 969 daAuts
     D:1: 729 daAuts
     D:6: 451 daAuts
